 Dungeon Crawl Stone Soup version 0.32-a0-427-g448f42529f (webtiles) character file.

Game seed: 4450621100273926350

29 vmvhnmv the Shield-Bearer (level 3, -1/33 HPs)
             Began as a Minotaur Fighter on Feb 22, 2024.
             Slain by a gnoll
             ... wielding a +0 flail
              (7 damage)
             ... on level 1 of the Dungeon.
             The game lasted 00:00:40 (408 turns).

vmvhnmv the Shield-Bearer (Minotaur Fighter)         Turns: 408, Time: 00:00:41

Health: -1/33      AC:  7    Str: 22    XL:     3   Next: 1%
Magic:  2/2        EV:  9    Int:  5    God:
Gold:   14         SH:  4    Dex:  9    Spells: 2/2 levels left

rFire   . . .        a - +0 war axe
rCold   . . .        c - +0 buckler
rNeg    . . .        b - +0 scale mail
rPois   .            (helmet restricted)
rElec   .            (no cloak)
rCorr   .            (no gloves)
SInv    .            (no boots)
Will    .....        (no amulet) Stlth
                     (no ring)
HPRegen 0.25/turn    (no ring)
MPRegen 0.08/turn

%: no passive effects
@: no status effects
A: horns 2, retaliatory headbutt
a: no special abilities


You were on level 1 of the Dungeon.
You visited 1 branch of the dungeon, and saw 1 of its levels.

You collected 14 gold pieces.

Inventory:

Hand Weapons
 a - a +0 war axe (weapon)
Armour
 b - a +0 scale mail (worn)
 c - a +0 buckler (worn)
Scrolls
 f - a scroll of enchant armour {unknown}
 g - a scroll of identify {unknown}
Potions
 d - a potion of might
 e - a potion of ambrosia {unknown}


   Skills:
 + Level 3.9 Fighting
 + Level 2.9 Axes
 + Level 3.9 Armour
 + Level 1.0 Dodging
 + Level 4.0 Shields


You had 2 spell levels left.
You didn't know any spells.
Your spell library was empty.

Dungeon Overview and Level Annotations

Branches:
Dungeon (1/15)

Altars:


Innate Abilities, Weirdness & Mutations

You have a pair of horns on your head.
You reflexively headbutt those who attack you in melee.


Message History

The rat bites you but does no damage.
Unknown command.
Unknown command.
The endoplasm attacks as it pursues you!
The endoplasm hits you but does no damage.
You slash the endoplasm!
You kill the endoplasm!
Your Shields skill increases to level 4!
Unknown command.
You barely miss the rat. Your headbutt misses the rat. The rat bites you.
Unknown command.
Unknown command.
You closely miss the gnoll. You closely miss the rat.
The rat closely misses you. You furiously retaliate!
You headbutt the rat.
You kill the rat!
The gnoll hits you with a +0 flail!
You have reached level 3!
Your experience leads to an increase in your attributes!
Increase (S)trength, (I)ntelligence, or (D)exterity?
You feel stronger. x2
You barely miss the gnoll. Your headbutt misses the gnoll.
You block the gnoll's attack. The gnoll hits you with a +0 flail.
Unknown command.
Unknown command.
You are too injured to fight recklessly!
Unknown command.
You are too injured to fight recklessly!
Unknown command.
You are too injured to fight recklessly!
Unknown command.
You are too injured to fight recklessly!
Unknown command.
You are too injured to fight recklessly!
Unknown command.
You barely miss the gnoll.
You headbutt the gnoll, but do no damage.
The gnoll hits you with a +0 flail!
* * * LOW HITPOINT WARNING * * *
You closely miss the gnoll. The gnoll hits you with a +0 flail!
You die...

..... .....#
#.... #... .
####.. ....#
......######...#
#..†..@.!.+
##.#.###g#..#
#...).......#
#..#g###.#..#
#..#.#[#.#...#
#. #.###.# ...#
#............##
#..#.###.#..##
#..... ...#


You could see a gnoll.

Vanquished Creatures
  2 bats (D:1)
  3 endoplasms (D:1)
  3 goblins (D:1)
  2 hobgoblins (D:1)
  A ball python (D:1)
  A frilled lizard (D:1)
  A kobold (D:1)
  4 rats (D:1)
17 creatures vanquished.

Notes
Turn   | Place    | Note
-------+----------+-------------------------------------------
     0 | D:1      | vmvhnmv the Minotaur Fighter began the quest for the Orb.
     0 | D:1      | Reached XP level 1. HP: 19/19 MP: 0/0
   101 | D:1      | Reached XP level 2. HP: 27/27 MP: 1/1
   396 | D:1      | Reached skill level 1 in Dodging
   404 | D:1      | Reached skill level 4 in Shields
   406 | D:1      | Reached XP level 3. HP: 18/33 MP: 2/2
   408 | D:1      | Slain by a gnoll

Illustrated notes

Levels and vault maps discovered:
D:1:      amcnicky_arrival_single_pillar, layout_loops_corners,
          minmay_surrounded

Skill      XL: |  1  2 |
---------------+-------+-----
Dodging        | 1 |  1.0
Shields        | 4 |  4.0
Fighting       | |  3.9
Axes           | |  2.9
Armour         | |  3.9

Action                     || total
---------------------------++-------
  Melee: War axe           ||    26
         Headbutt          ||     3
 Armour: Scale mail        ||    17
  Dodge: Dodged            ||     9
  Block: Buckler           ||     4

Table legend: (Time is in decaauts)
 A = Elapsed time spent in this place.
 B = Non-inter-level travel time spent in this place.
 C = Inter-level travel time spent in this place.
 D = Time resting spent in this place.
 E = Time spent auto-exploring this place.
 F = Levels seen in this place.
 G = Mean time per level.
                   A        B        C        D        E       F      G
               +--------+--------+--------+--------+--------+-----+--------+
         Total |    417 |    417 |      0 |      0 |    349 |   1 |  417.0 |
       Dungeon |    417 |    417 |      0 |      0 |    349 |   1 |  417.0 |
               +--------+--------+--------+--------+--------+-----+--------+

Top non-repeatable levels by time:
     D:1: 417 daAuts
